 Dungeon Crawl Stone Soup version 0.25-a0-1119-g28b6fd0c3b (webtiles) character file.

Game seed: 2721187473987837900, levelgen mode: deterministic

295 Esekla the Magician (level 6, -3/37 (39) HPs)
             Began as an Octopode Wizard on May 17, 2020.
             Was a Follower of Elyvilon.
             Slain by a hound (5 damage)
             ... on level 6 of the Dungeon.
             The game lasted 00:18:17 (2571 turns).

Esekla the Magician (Octopode Wizard)               Turns: 2571, Time: 00:18:17

HP:   -3/37 (39)    AC:  1    Str:  7 (8)  XL:     6   Next: 34%
MP:   7/12          EV: 13    Int: 17 (20) God:    Elyvilon [*.....]
Gold: 86            SH:  0    Dex:  9 (11) Spells: 4/13 levels left

rFire    . . .     SeeInvis .   k - +0 long sword
rCold    . . .     Gourm    .   (no shield)
rNeg     . . .     Faith    .   a - +0 hat
rPois    .         Spirit   .   (no amulet)
rElec    .         Reflect  .   (no ring)
rCorr    .         Harm     .   (no ring)
MR       .....                  (no ring)
Stlth    +++.......             (no ring)
HPRegen  0.12/turn              (no ring)
MPRegen  0.13/turn              (no ring)
                                (no ring)
                                (no ring)

@: mighty
A: almost no armour, stealthy swim, amphibious, 8 rings, constrict 8, camouflage
1, gelatinous body 1
a: Lesser Healing, Divine Protection, Renounce Religion


You were on level 6 of the Dungeon.
You worshipped Elyvilon.
Elyvilon was aware of your devotion.
You were not hungry.

You visited 1 branch of the dungeon, and saw 6 of its levels.

You collected 86 gold pieces.

Inventory:

Hand Weapons
 h - a +0 short sword
 k - a +0 long sword (weapon)
Armour
 a - a +0 hat (worn)
Wands
 d - a wand of random effects (16)
Scrolls
 b - 2 scrolls of identify {unknown}
 f - a scroll of enchant weapon {unknown}
 i - a scroll of remove curse {unknown}
Potions
 e - a potion of degeneration
 j - a potion of brilliance {unknown}
Comestibles
 c - 6 rations


   Skills:
 * Level 1.7 Fighting
 + Level 1.3 Long Blades
 + Level 2.4 Dodging
 - Level 2.6 Stealth
 + Level 4.1 Spellcasting
 + Level 2.4 Conjurations
   Level 1.0 Summonings
 * Level 2.3 Translocations
 * Level 1.4 Air Magic
 * Level 1.9 Poison Magic


You had 4 spell levels left.
You knew the following spells:

 Your Spells              Type           Power        Failure   Level  Hunger
a - Magic Dart            Conj           ##..         5%          1    None
b - Blink                 Tloc           N/A          9%          2    ##.....
c - Mephitic Cloud        Conj/Pois/Air  ##......     22%         3    ###....
d - Conjure Flame         Conj/Fire      #.......     28%         3    ###....

Your spell library contained the following spells:

 Spells                   Type           Power        Failure   Level  Hunger
 Call Imp                 Summ           #.......     16%         2    ##.....
 Slow                     Hex            #.......     24%         2    ##.....


Dungeon Overview and Level Annotations

Branches:
Dungeon (6/15)
 Temple: D:4-7

Altars:
Elyvilon

Shops:
D:6 *


Innate Abilities, Weirdness & Mutations

You cannot wear most types of armour.
You are very stealthy in the water. (Stealth+)
You are amphibious.
You can wear up to eight rings at the same time.
You can use your tentacles to constrict eight enemies at once.
Your skin changes colour to match your surroundings (Stealth+).
Your rubbery body absorbs attacks. (AC +1, EV +1)


Message History

The hound bites you. x2
* * * LOW HITPOINT WARNING * * *
You hit the hound but do no damage. Your grab misses the hound.
The hound is lightly wounded.
The hound bites you.
* * * LOW HITPOINT WARNING * * *
The hound bites you.
* * * LOW HITPOINT WARNING * * *
It was a potion of degeneration.
There was something very wrong with that liquid.
You feel weakened.
You feel dopey.
You feel clumsy. The hound closely misses you. The hound completely misses you.
It was a potion of might.
You feel very mighty all of a sudden. The hound misses you.
You closely miss the hound. Your grab misses the hound.
Your squeeze misses the hound.
The hound is lightly wounded.
The hound bites you.
You die...

##### ########.#.#
.)...%..<#.######
#.#.#.#.#.#.#.#.##
#.#.#.#.#.#.#.#
#.#.#.#.#.#.#.##
#.#.#.#.#.#@#.#.#
#.#.#.#.#.#h#.#.##
o#.#.#.#.#.#.#.#.#
.#.#.#.#.#.#.#.##
.#...#.#.# #.#
.#8#.#.# ## ...#.#
∩.8. .#


You could see a hound.

Vanquished Creatures
  A necrophage (D:6)
  An ogre (D:5)
  A water moccasin skeleton (D:5)
  5 adders
  A shadow imp (D:5)
  2 worms
  2 giant cockroaches
  2 jackals (D:4)
  2 quokkas
  A ball python (D:2)
  A bat (D:3)
  A frilled lizard (D:5)
  3 goblins
  2 kobolds
  A quokka skeleton (D:5)
26 creatures vanquished.

Notes
Turn   | Place    | Note
-------+----------+-------------------------------------------
     0 | D:1      | Esekla the Octopode Wizard began the quest for the Orb.
     0 | D:1      | Reached XP level 1. HP: 11/11 MP: 4/4
   460 | D:2      | Noticed a water moccasin
   474 | D:3      | Reached XP level 2. HP: 18/18 MP: 0/6
   478 | D:3      | Learned a level 2 spell: Blink
   749 | D:2      | Found a white marble altar of Elyvilon.
   762 | D:2      | Became a worshipper of Elyvilon the Healer
  1164 | D:4      | Reached XP level 3. HP: 19/22 MP: 5/8
  1169 | D:4      | Learned a level 3 spell: Mephitic Cloud
  1173 | D:4      | Learned a level 3 spell: Conjure Flame
  1638 | D:4      | Reached * piety under Elyvilon
  1687 | D:5      | Entered Level 5 of the Dungeon
  1697 | D:5      | Noticed an ogre
  1835 | D:5      | Killed an ogre
  1835 | D:5      | Reached skill level 1 in Fighting
  1835 | D:5      | Reached skill level 1 in Poison Magic
  1835 | D:5      | Reached XP level 4. HP: 14/28 MP: 3/9
  1835 | D:5      | Reached XP level 5. HP: 17/33 MP: 3/10
  1941 | D:5      | Noticed a phantom
  2310 | D:5      | Reached skill level 1 in Long Blades
  2310 | D:5      | Reached skill level 4 in Spellcasting
  2310 | D:5      | Reached skill level 1 in Air Magic
  2548 | D:6      | Found Ceuff's Assorted Antiques.
  2555 | D:6      | Noticed a necrophage
  2565 | D:6      | Killed a necrophage
  2565 | D:6      | Reached XP level 6. HP: 17/37 MP: 7/12
  2568 | D:6      | HP: 1/37 [hound (5)]
  2571 | D:6      | Slain by a hound

Illustrated notes

Levels and vault maps discovered:
D:1:      lightli_arrival_noodles, layout_loops_ring
D:2:      layout_rooms, elyvilon_altar_4
D:3:      layout_basic
D:4:      layout_gridville, first_ration
D:5:      layout_basic, led_sif_pool
D:6:      layout_basic, kennysheep_mini_moat,
          minmay_temple_entry_enclosed_plants, serial_shops,
          nicolae_shop_statue_plus

Skill      XL: |  1  2  3  4  5 |
---------------+----------------+-----
Fighting       | 1 |  1.7
Conjurations   | 2 |  2.4
Poison Magic   | 1 |  1.9
Translocations | 2 |  2.3
Long Blades    | 1 |  1.3
Spellcasting   | 4 |  4.1
Air Magic      | 1 |  1.4
Dodging        | |  2.4
Stealth        | |  2.6
Summonings     | |  1.0

Action                   |  1- 3 |  4- 6 || total
-------------------------+-------+-------++-------
Melee: Unarmed           |     3 |       ||     3
       Constrict         |     8 |     5 ||    13
       Dagger            |     1 |       ||     1
       Short sword       |    10 |       ||    10
       Tentacles         |     5 |     3 ||     8
       Long sword        |    12 |    21 ||    33
 Cast: Magic Dart        |    52 |    27 ||    79
       Mephitic Cloud    |     1 |       ||     1
  Use: Potion            |       |     2 ||     2
 Stab: Sleeping          |     1 |     1 ||     2
       Confused          |     1 |       ||     1
  Eat: Chunk             |     1 |     4 ||     5
Armor: Skin              |     2 |     2 ||     4
Dodge: Dodged            |    23 |    18 ||    41
       Rpst.: Long sword |     3 |     6 ||     9

Table legend:
 A = Non-vault XP
 B = Vault XP
 C = Vault XP percentage of total XP
 D = Non-vault monster count
 E = Vault monster count
 F = Vault count percentage of total count
                 A         B        C        D         E       F
            +---------+---------+-------+---------+---------+-------
      Total |     422 |       0 |   0.0 |      26 |       0 |   0.0
            +---------+---------+-------+---------+---------+-------
        D:1 |       6 |       0 |   0.0 |       4 |       0 |   0.0
        D:2 |      22 |       0 |   0.0 |       4 |       0 |   0.0
        D:3 |       3 |       0 |   0.0 |       2 |       0 |   0.0
        D:4 |      41 |       0 |   0.0 |       7 |       0 |   0.0
        D:5 |     225 |       0 |   0.0 |       8 |       0 |   0.0
        D:6 |     125 |       0 |   0.0 |       1 |       0 |   0.0
            +---------+---------+-------+---------+---------+-------
